 Dungeon Crawl Stone Soup version 0.28.0-53-g5a82cb258f (webtiles) character file.

Game seed: 17297689995408361261

1303 Ashen the Chiller (level 8, 0/90 HPs)
             Began as a Demonspawn Ice Elementalist on July 25, 2022.
             Was an Initiate of Vehumet.
             Slain by Menkaure (6 damage)
             ... on level 6 of the Dungeon.
             The game lasted 00:11:07 (7385 turns).

Ashen the Chiller (Demonspawn Ice Elementalist)     Turns: 7385, Time: 00:11:07

Health: 0/90       AC: 31    Str: 11    XL:     8   Next: 31%
Magic:  8/14       EV:  2    Int: 25    God:    Vehumet [......]
Gold:   274        SH:  0    Dex: 13    Spells: 6/15 levels left

rFire   . . .      SeeInvis .   d - +2 short sword (venom)
rCold   . . .      Faith    .   (no shield)
rNeg    . . .      Spirit   .   (armour currently unavailable)
rPois   +          Reflect  .   (helmet currently unavailable)
rElec   .          Harm     .   (cloak currently unavailable)
rCorr   .          Rampage  .   (gloves currently unavailable)
Will    .....      NoTele   +   (boots currently unavailable)
Stlth   +++.......              (no amulet)
HPRegen 0.25/turn               j - +6 ring of intelligence
MPRegen 0.14/turn               i - ring of poison resistance

@: ice-armoured, tree-form, freezing walls
A: stationary, stasis, torment immunity, boosted hp, ignite blood 1, (spiny 1),
(demonic touch 2), (fire resistance 1), strong 1
a: Renounce Religion


You were on level 6 of the Dungeon.
You worshipped Vehumet.
Vehumet was noncommittal.
You were a tree.
You visited 2 branches of the dungeon, and saw 7 of its levels.
You also visited: Ossuary.

You collected 274 gold pieces.

Inventory:

Hand Weapons
 d - a +2 short sword of venom (weapon)
Armour
 a - a +0 robe (melded)
 m - a +0 pair of gloves (melded)
Jewellery
 g - a ring of protection from fire
 i - a ring of poison resistance (right branch)
 j - a +6 ring of intelligence (left branch)
 t - a ring of protection from cold
 w - a ring of fire
 x - a +6 ring of strength
Scrolls
 f - 2 scrolls of fear {unknown}
 o - 2 scrolls of teleportation
 q - a scroll of enchant weapon
 s - a scroll of noise
 v - a scroll of immolation
 y - a scroll of identify
Potions
 b - 2 potions of might
 c - 6 potions of degeneration
 e - 4 potions of mutation
 h - 2 potions of curing
 k - 3 potions of haste
 l - a potion of magic
 p - 2 potions of brilliance
 r - 2 potions of heal wounds
 u - a potion of attraction


   Skills:
 + Level 4.3 Fighting
 + Level 4.4 Dodging
 + Level 4.7 Stealth
 + Level 4.4 Spellcasting
 + Level 5.5 Ice Magic


You had 6 spell levels left.
You knew the following spells:

 Your Spells              Type           Power      Damage    Failure   Level
a - Freeze                Ice            100%       1d11      1%          1
b - Frozen Ramparts       Ice            66%        1d8       2%          3
c - Ozocubu's Armour      Ice            33%        N/A       2%          3
d - Blink                 Tloc           10%        N/A       13%         2

Your spell library contained the following spells:

 Spells                   Type           Power      Damage    Failure   Level
 Foxfire                  Conj/Fire      20%        2x1d5     9%          1
 Slow                     Hex            20%        N/A       9%          1
 Confusing Touch          Hex            5%         N/A       26%         3
 Conjure Flame            Conj/Fire      5%         6-21      26%         3
 Ignite Poison            Fire/Tmut/Pois 5%         N/A       26%         3
 Inner Flame              Hex/Fire       5%         N/A       26%         3
 Vampiric Draining        Necr           5%         2d6       26%         3
 Hailstorm                Conj/Ice       19%        3d6       28%         4
 Flame Wave               Conj/Fire      5%         2d5       65%         4
 Sticky Flame             Conj/Fire      5%         2d3       65%         4
 Manifold Assault         Tloc           5%         N/A       94%         5
 Storm Form               Tmut/Air       2%         N/A       100%        7


Dungeon Overview and Level Annotations

Branches:
Dungeon (6/15)             Temple (1/1) D:4         Ossuary (visited)

Altars:
Ashenzari
Cheibriados
Dithmenos
Elyvilon
Fedhas
Gozag
Hepliaklqana
Kikubaaqudgha
Makhleb
Nemelex Xobeh
Okawaru
Qazlal
Trog
Uskayaw
Vehumet
Wu Jian
Xom
Yredelemnul
Zin
The Shining One

Shops:
D:1 !

Annotations:
D:6 1 runed translucent door, Menkaure; erker's ghost, novice OpEE


Innate Abilities, Weirdness & Mutations

You are a tree.
Your roots penetrate the ground, keeping you stationary.
You cannot be teleported.
You are immune to unholy pain and torment.
Your maximum health is greatly increased.
Your equipment is partially melded.
Your demonic aura sometimes causes spilled blood to erupt in flames.
((You are partially covered in sharp spines.))
((Your touch may inflict irresistible damage on your foes.))
((Your flesh is heat resistant. (rF+)))
Your muscles are strong. (Str +2)


Message History

Vehumet accepts your kill.
Menkaure calls on the powers of darkness!
Your body is wracked with pain!
Menkaure calls on the powers of darkness!
Your body is wracked with pain!
* * * LOW HITPOINT WARNING * * *
There is an open door here.
You close the door.
Menkaure opens the door.
Casting: Ozocubu's Armour (dangerous; 2% risk of failure)
Confirm with . or Enter, or press ? or * to list all spells.
Casting: Frozen Ramparts (dangerous; 2% risk of failure)
Press: ? - help, Dir - look around, f - activate The walls around you are covered in ice.
Menkaure resists.
The wall freezes Menkaure.
Casting: Frozen Ramparts (dangerous; 2% risk of failure)
Confirm with . or Enter, or press ? or * to list all spells.
A film of ice covers your body!
Menkaure resists.
The wall freezes Menkaure.
Menkaure calls on the powers of darkness!
Your body is wracked with pain!
* * * LOW HITPOINT WARNING * * *
You aren't carrying any items that you can evoke.
You feel much better.
Menkaure resists.
The wall freezes Menkaure.
Menkaure calls on the powers of darkness!
Your body is wracked with pain!
* * * LOW HITPOINT WARNING * * *
Really quaff the potion of lignification?
You turn into a tree.
Your +0 pair of gloves melds into your body.
Your +0 robe melds into your body.
Your roots penetrate the ground.
Menkaure completely resists.
The wall freezes Menkaure but does no damage.
Menkaure hits you!
* * * LOW HITPOINT WARNING * * *
Unknown command.
You hit Menkaure but do no damage.
Menkaure is moderately damaged.
Menkaure resists.
The wall freezes Menkaure.
Menkaure hits you!
* * * LOW HITPOINT WARNING * * *
Menkaure resists.
The wall freezes Menkaure.
Menkaure hits you.
You die...

.................
.................
.................
...........?.....
.................
................. ###
.................
#.#############M################
.......#.....#..♣..............#
.......#.....#.................#
.......#.....#.................#
.......#.....#.................#
.......#.....#...............[.#
.......#.....#.................#
.......#.....#.................#
#...##.##..###..########..##...#
#...##'##..########..###..######


You could see Menkaure (fast).

Vanquished Creatures
  A water moccasin (D:6)
  A black bear (D:4)
  2 ice beasts (D:6)
  An ogre (D:6)
  2 sky beasts (D:6)
  A necrophage (D:6)
  Blork the orc (D:4)
  A bullfrog (D:6)
  A wyvern zombie (D:5)
  A howler monkey (D:5)
  A hound (D:6)
  A human zombie (Ossuary)
  A bullfrog skeleton (D:6)
  An iguana (D:6)
  2 orc wizards (D:5)
  3 mummies (Ossuary)
  A howler monkey skeleton (D:5)
  4 adders
  A white imp (D:6)
  2 worms
  7 dart slugs
  5 orcs
  6 endoplasms
  4 giant cockroaches (D:4)
  3 goblins
  5 hobgoblins
  4 jackals (D:2)
  3 quokkas
  8 ball pythons
  5 bats
  3 frilled lizards (D:1)
  A gnoll zombie (Ossuary)
  2 goblin zombies (Ossuary)
  2 hobgoblin zombies (Ossuary)
  6 kobolds
  2 kobold zombies (Ossuary)
  7 rats
102 creatures vanquished.

Notes
Turn   | Place    | Note
-------+----------+-------------------------------------------
     0 | D:1      | Ashen the Demonspawn Ice Elementalist began the quest for
                  | the Orb.
     0 | D:1      | Reached XP level 1. HP: 13/13 MP: 3/3
    26 | D:1      | Found Jykloos's Distillery.
   518 | D:1      | Gained mutation: Your touch may inflict minor irresistible
                  | damage on your foes. [demonic ancestry]
   518 | D:1      | Reached XP level 2. HP: 20/20 MP: 1/5
  1233 | D:1      | Found a faded altar of an unknown god.
  1343 | D:2      | Reached skill level 1 in Fighting
  1343 | D:2      | Reached XP level 3. HP: 26/26 MP: 3/6
  1585 | D:2      | Learned a level 3 spell: Frozen Ramparts
  1764 | D:2      | Reached skill level 4 in Ice Magic
  1992 | D:2      | Gained mutation: You are partially covered in sharp spines.
                  | [demonic ancestry]
  1992 | D:2      | Reached XP level 4. HP: 32/32 MP: 7/7
  3124 | D:4      | Noticed Blork the orc
  3144 | D:3      | Learned a level 3 spell: Ozocubu's Armour
  3208 | D:4      | Killed Blork the orc
  3209 | D:4      | Reached XP level 5. HP: 28/38 MP: 1/9
  3309 | D:4      | Found a staircase to the Ecumenical Temple.
  3536 | D:4      | Noticed a black bear
  3546 | D:4      | Killed a black bear
  3547 | D:4      | Reached XP level 6. HP: 24/46 MP: 3/10
  3803 | D:4      | Found a glowing drain.
  3962 | D:5      | Entered Level 5 of the Dungeon
  4297 | D:5      | Found a sand-covered staircase.
  4329 | Ossuary  | Entered an ossuary
  4592 | Ossuary  | Gained mutation: Your muscles are strong. (Str +2) [potion
                  | of mutation]
  4592 | Ossuary  | Gained mutation: Your flesh is heat resistant. (rF+)
                  | [potion of mutation]
  5114 | D:5      | Gained mutation: Your touch may inflict irresistible damage
                  | on your foes. [demonic ancestry]
  5114 | D:5      | Reached XP level 7. HP: 39/52 MP: 12/12
  5496 | D:5      | Learned a level 2 spell: Blink
  5612 | Temple   | Entered the Ecumenical Temple
  5839 | Temple   | Became a worshipper of Vehumet
  5981 | D:6      | Found an ancient bone altar of Kikubaaqudgha.
  5998 | D:6      | Reached skill level 5 in Ice Magic
  6374 | D:6      | Found a runed translucent door.
  6374 | D:6      | Noticed erker's ghost (novice OpEE)
  6785 | D:6      | Gained mutation: Your demonic aura sometimes causes spilled
                  | blood to erupt in flames. [demonic ancestry]
  6785 | D:6      | Reached XP level 8. HP: 51/60 MP: 11/14
  7060 | D:6      | Identified the +0 hunting sling of Dithmenos's Approval
                  | {freeze, Dex+5}
  7370 | D:6      | Noticed Menkaure
  7385 | D:6      | Slain by Menkaure

Illustrated notes

Levels and vault maps discovered:
D:1:      sevenhm_arrival_forest_fort_small_4, layout_basic,
          hellmonk_ecumenical_altar_pennies_from_heaven, serial_shops, shop
D:2:      layout_loops_ring
D:3:      layout_loops_ring
D:4:      layout_cave_pools, minmay_temple_entry_from_below_a,
          gup_sewer_entry_glass, uniq_blork_the_orc
D:5:      layout_loops_ring, nicolae_ossuary_entry_ruins,
          corexii_item_surrounded_by_moat, minmay_a_box_with_orc_wizards_in_it
D:6:      layout_gridville, nicolae_overflow_crystal_walls,
          hellmonk_ghost_happy_afterlife, uniq_menkaure
Temple:   mainiacjoe_temple_bowtie_tessellation

Skill      XL: |  1  2  3  4  5  6  7 |
---------------+----------------------+-----
Stealth        | 2 3 4 |  4.7
Dodging        | 2 3 4 |  4.4
Fighting       | 1 2 3 4 |  4.3
Ice Magic      | 4 5 |  5.5
Spellcasting   | 3 4 |  4.4

Action                   |  1- 3 |  4- 6 |  7- 9 || total
-------------------------+-------+-------+-------++-------
Melee: Unarmed           |    25 |       |       ||    25
       Touch             |     9 |    26 |    17 ||    52
       Short sword       |    34 |   114 |    61 ||   209
       Punch             |       |     1 |     2 ||     3
 Cast: Freeze            |    41 |       |       ||    41
       Ozocubu's Armour  |       |     4 |     6 ||    10
       Frozen Ramparts   |       |     2 |     4 ||     6
       Blink             |       |       |     3 ||     3
  Use: Scroll            |       |    12 |     2 ||    14
       Potion            |       |     1 |     2 ||     3
 Stab: Sleeping          |     4 |     7 |       ||    11
       Distracted        |       |     1 |     1 ||     2
Armor: Robe              |    13 |    19 |    16 ||    48
Dodge: Dodged            |    51 |    51 |    28 ||   130
